 Dungeon Crawl Stone Soup version 0.29.1-12-g30fa7ad0bf (webtiles) character file.

Game seed: 5606553806440828661

38 hawla the Firebug (level 3, -9/26 HPs)
             Began as a Meteoran Fire Elementalist on Jan 9, 2023.
             Mangled by an orc
             ... wielding a +2 hand axe of distortion
              (15 damage)
             ... on level 3 of the Dungeon.
             The game lasted 00:02:13 (327 turns).

hawla the Firebug (Meteoran Fire Elementalist)       Turns: 327, Time: 00:02:13

Health: -9/26      AC:  5    Str:  9    XL:     3   Next: 91%
Magic:  2/8        EV: 12    Int: 19    God:
Gold:   0          SH:  0    Dex: 14    Spells: 5/8 levels left

rFire   . . .      SeeInvis .   (no weapon)
rCold   . . .      Faith    .   (no shield)
rNeg    . . .      Spirit   .   a - +0 robe
rPois   .          Reflect  .   c - +2 helmet
rElec   .          Harm     .   (no cloak)
rCorr   .          Rampage  .   (no gloves)
Will    .....                   (no boots)
Stlth   +.........              (no amulet)
HPRegen 0.08/turn               (no ring)
MPRegen 0.11/turn               (no ring)

@: brilliant, glowing
A: sense surroundings 1, otherworldly, glowing, explore regen
a: no special abilities


You were on level 3 of the Dungeon.
You visited 1 branch of the dungeon, and saw 3 of its levels.

Inventory:

Armour
 a - a +0 robe (worn)
 c - a +2 helmet (worn)
Potions
 b - a potion of magic
 e - a potion of resistance
 h - a potion of heal wounds {unknown}
 i - a potion of lignification {unknown}


   Skills:
 + Level 2.7 Dodging
 - Level 1.4 Stealth
 + Level 3.3 Spellcasting
 + Level 1.6 Conjurations
 + Level 4.6 Fire Magic


You had 5 spell levels left.
You knew the following spells:

 Your Spells              Type           Power      Damage    Failure   Level
a - Foxfire               Conj/Fire      88%        2x1d8     4%          1
b - Scorch                Fire           60%        2d8       3%          2

Your spell library contained the following spells:

 Spells                   Type           Power      Damage    Failure   Level
 Conjure Flame            Conj/Fire      22%        6-21      12%         3
 Inner Flame              Hex/Fire       17%        N/A       17%         3
 Flame Wave               Conj/Fire      22%        2d8       38%         4


Dungeon Overview and Level Annotations

Branches:
Dungeon (3/15) Zot: 1472

Altars:

Annotations:
D:3 Sigmund


Innate Abilities, Weirdness & Mutations

You passively map a small area around you.
You are easily found by Zot.
You glow in the dark.
You regain HP and MP as you explore.


Message History

You feel sick.
A goblin comes into view. It is wielding a +0 dagger.
An orc and a giant cockroach come into view.
The orc is wielding a +2 hand axe of distortion.
You feel sick.
You are no longer poisoned.
The orc shouts!
The goblin hits you with a +0 dagger.
Casting: Scorch (safe; 3% risk of failure)
Confirm with . or Enter, or press ? or * to list all spells.
You don't know that spell.
Casting: Scorch (safe; 3% risk of failure)
Confirm with . or Enter, or press ? or * to list all spells.
You conjure some foxfire!
The goblin hits you with a +0 dagger.
The foxfire hits the orc.
The orc is almost dead.
Casting: Foxfire (safe; 4% risk of failure)
Confirm with . or Enter, or press ? or * to list all spells.
Flames lash the quokka.
You kill the quokka!
The goblin hits you but does no damage.
The foxfire hits the worm.
The worm is moderately wounded.
Unknown command.
The goblin unwields a +0 dagger.
The goblin wields a +0 sling.
The goblin shoots a sling bullet.
The sling bullet hits you. The worm misses you. Something hits you.
Casting: Scorch (safe; 3% risk of failure)
Confirm with . or Enter, or press ? or * to list all spells.
You don't have enough magic to cast this spell.
As you read the scroll labelled ZAOSTR NYGHISS, it crumbles to dust.
It is a scroll of identify.
e - a potion of resistance Something hits you!
The worm bites you.
* * * LOW HITPOINT WARNING * * *
The orc barely misses you.
It was a potion of brilliance.
You feel clever all of a sudden. The orc hits you but does no damage.
Space warps horribly around you!
Ouch! That really hurt!
You die...

* * , ....... , , *
....... * , '....... *
..(.... * , * * *....B..
* * .......* * *
.......####, , ,
......Bgo@# * ,* ,
.....####w# * * ...,, #{#
* * ,, * * #### *#.# , *
.... #.############### ,
....! #...............#
......###......#######.#
....{w'.'......#.......#.
,
......###.[....#.#######.


You could see a worm, an orc, a giant cockroach and a goblin.

Vanquished Creatures
  3 adders
  A worm (D:2)
  An endoplasm (D:3)
  A giant cockroach (D:3)
  2 quokkas (D:3)
  A kobold (D:2)
  2 rats
11 creatures vanquished.

Vanquished Creatures (others)
  32 foxfires
32 creatures vanquished.

Grand Total: 43 creatures vanquished

Notes
Turn   | Place    | Note
-------+----------+-------------------------------------------
     0 | D:1      | hawla the Meteoran Fire Elementalist began the quest for
                  | the Orb.
     0 | D:1      | Reached XP level 1. HP: 14/14 MP: 5/5
   109 | D:2      | Reached skill level 4 in Fire Magic
   109 | D:2      | Reached XP level 2. HP: 20/20 MP: 0/6
   124 | D:2      | Learned a level 2 spell: Scorch
   251 | D:3      | Reached XP level 3. HP: 26/26 MP: 3/8
   304 | D:3      | Noticed Sigmund
   327 | D:3      | Mangled by an orc

Illustrated notes

Levels and vault maps discovered:
D:1:      matt_arrival_los_fun, layout_loops_corners
D:2:      layout_basic, dreamdust_ecumenical_altar_sealed_demon
D:3:      layout_basic, nrook_mini_vaults, uniq_jessica, uniq_ijyb,
          uniq_sigmund, uniq_natasha

Skill      XL: |  1  2 |
---------------+-------+-----
Fire Magic     | 4 |  4.6
Spellcasting   | 3 |  3.3
Dodging        | |  2.7
Stealth        | |  1.4
Conjurations   | |  1.6

Action                   || total
-------------------------++-------
Melee: Unarmed           ||     5
 Cast: Foxfire           ||    19
       Scorch            ||     9
  Use: Scroll            ||     3
       Potion            ||     1
 Stab: Distracted        ||     1
Armor: Robe              ||     5
Dodge: Dodged            ||     9
